 Dungeon Crawl Stone Soup version 0.29.1-2-gbd0b4ee654 (webtiles) character file.

Game seed: 10559039983623474046

126 jamesblauser the Chopper (level 4, -4/40 HPs)
             Began as a Draconian Berserker on Nov 5, 2022.
             Was a Believer of Trog.
             Succumbed to their own poison gas
             ... on level 3 of the Dungeon.
             The game lasted 00:11:10 (2500 turns).

jamesblauser the Chopper (Draconian Berserker)      Turns: 2500, Time: 00:11:10

Health: -4/40      AC:  5    Str: 22    XL:     4   Next: 84%
Magic:  4/4        EV: 12    Int:  7    God:    Trog [**....]
Gold:   149        SH:  0    Dex: 10    Spells: 3/3 levels left

rFire   . . .      SeeInvis .   a - +0 hand axe
rCold   . . .      Faith    .   (no shield)
rNeg    . . .      Spirit   .   (body armour unavailable)
rPois   .          Reflect  .   (helmet restricted)
rElec   .          Harm     .   (no cloak)
rCorr   .          Rampage  .   (no gloves)
Will    ++...                   (no boots)
Stlth   +.........              (no amulet)
HPRegen 1.13/turn               (no ring)
MPRegen 0.09/turn               (no ring)

@: lethally poisoned (-4 -> -22), about to teleport, strong-willed, regenerating
A: AC +5, unfitting armour, cold-blooded
a: Renounce Religion, Berserk, Trog's Hand


You were on level 3 of the Dungeon.
You worshipped Trog.
Trog was pleased with you.
You visited 1 branch of the dungeon, and saw 3 of its levels.

You collected 149 gold pieces.

Inventory:

Hand Weapons
 a - a +0 hand axe (weapon)
Scrolls
 b - a scroll of teleportation
 f - a scroll of poison
 g - a scroll of enchant weapon
 h - a scroll of noise {unknown}
Potions
 c - a potion of magic
 d - a potion of haste
 e - a potion of might


   Skills:
 + Level 4.1 Fighting
 + Level 4.3 Axes
 + Level 3.5 Dodging
 + Level 0.2 Stealth


You had 3 spell levels left.
You didn't know any spells.
Your spell library was empty.

Dungeon Overview and Level Annotations

Branches:
Dungeon (3/15)

Altars:


Innate Abilities, Weirdness & Mutations

Your plain brown scales are hard. (AC +5)
You cannot fit into any form of body armour.
You are cold-blooded and may be slowed by cold attacks.


Message History

[Y]es or [N]o only, please.
Really walk into that cloud of poison gas? [Y]es or [N]o only, please.
Really walk into that cloud of poison gas? [Y]es or [N]o only, please.
Really walk into that cloud of poison gas? [Y]es or [N]o only, please.
Really walk into that cloud of poison gas? [Y]es or [N]o only, please.
Really walk into that cloud of poison gas? [Y]es or [N]o only, please.
Really walk into that cloud of poison gas? [Y]es or [N]o only, please.
Really walk into that cloud of poison gas? [Y]es or [N]o only, please.
Really walk into that cloud of poison gas? [Y]es or [N]o only, please.
Really walk into that cloud of poison gas? [Y]es or [N]o only, please.
Really walk into that cloud of poison gas? [Y]es or [N]o only, please.
Really walk into that cloud of poison gas? [Y]es or [N]o only, please.
Really walk into that cloud of poison gas?
Okay, then.
As you read the scroll of teleportation, it crumbles to dust.
You feel strangely unstable.
* * * LOW HITPOINT WARNING * * *
You feel very sick.
There's nothing to open nearby.
There's nothing to open nearby.
Really walk into that cloud of poison gas? [Y]es or [N]o only, please.
Really walk into that cloud of poison gas?
Uppercase [Y]es or [N]o only, please.
Really walk into that cloud of poison gas?
You are engulfed in poison gas.
You are more poisoned.
* * * LOW HITPOINT WARNING * * *
You die...

#.# #.# #§.# #.# #§.#
#.# ##§§### #.# ##§§§§..
####.# ##☼§○☼☼##
#.##.###.§§☼§§§## .
...#.##..§§§§§§○####○§§.
......'..§§§§§§.@§§§s§§.
...#.##..§☼§§§§§####§§☼.
#.##.###.§§§○§☼## #
#...#. ##☼§§○☼## #.##.##
##§§§## #.# # ##§## #.#
#§# #.# #####.#
#.#####...#.#### ###


You could see a scorpion.

Vanquished Creatures
  Jessica (D:3)
  A gnoll (D:1)
  2 adders
  2 worms (D:2)
  5 dart slugs (D:1)
  6 ball pythons
  4 bats (D:1)
  2 endoplasms (D:2)
  2 giant cockroaches
  5 goblins
  10 hobgoblins
  4 kobolds
  A quokka (D:1)
  5 frilled lizards (D:1)
  5 rats (D:2)
55 creatures vanquished.

Notes
Turn   | Place    | Note
-------+----------+-------------------------------------------
     0 | D:1      | jamesblauser the Draconian Berserker began the quest for
                  | the Orb.
     0 | D:1      | Reached XP level 1. HP: 19/19 MP: 1/1
   149 | D:1      | Reached XP level 2. HP: 16/26 MP: 2/2
   610 | D:1      | Reached XP level 3. HP: 17/33 MP: 3/3
   851 | D:1      | Reached ** piety under Trog
   864 | D:1      | Found a faded altar of an unknown god.
  1536 | D:2      | Reached XP level 4. HP: 30/40 MP: 4/4
  2271 | D:3      | Noticed Jessica
  2279 | D:3      | Killed Jessica
  2492 | D:3      | Noticed a scorpion
  2499 | D:3      | HP: 2/40 [poisoned by you (poison gas)]
  2500 | D:3      | Succumbed to their own poison gas

Illustrated notes

Levels and vault maps discovered:
D:1:      nzn_arrival_water_spiral, layout_loops_cross,
          hellmonk_ecumenical_altar_defaced_shrine
D:2:      layout_basic
D:3:      layout_loops_corners, uniq_natasha, uniq_jessica

Skill      XL: |  1  2  3  4 |
---------------+-------------+-----
Dodging        | 3 |  3.5
Axes           | 4 |  4.3
Fighting       | 4 |  4.1
Stealth        | |  0.2

Action                   |  1- 3 |  4- 6 || total
-------------------------+-------+-------++-------
Melee: Hand axe          |   118 |    38 ||   156
       Tailslap          |    10 |     3 ||    13
Invok: Trog's Hand       |       |     1 ||     1
  Use: Scroll            |     6 |     5 ||    11
       Potion            |     2 |     1 ||     3
Armor: Skin              |    38 |    15 ||    53
Dodge: Dodged            |    99 |    27 ||   126
